NCAA
IOWA STATE CYCLONES @ OREGON DUCKS
04/17/2023
 
TOP OF THE 1ST
Iowa State Cyclones batting - Pitching for Oregon Ducks : RHP Bob Lanning
Pitching: RHP Bob Lanning
Batting: RHB Dan Morrison 0-0: Called Strike
0-1: Swinging Strike
0-2: Strikes out looking
Batting: SHB Sean Taylor 0-0: Ball
1-0: Ball
2-0: Ball
3-0: Called Strike
3-1: Base on Balls
Batting: LHB Ramiro Muńóz 0-0: Called Strike
0-1: Fly out, F7 (Flyball, 7D)
Batting: SHB Jon Emery 0-0: Called Strike
0-1: Foul Ball, location: 2F
0-2: Ball
1-2: Foul Ball, location: 2F
1-2: Foul Ball, location: 2F
1-2: Ball
2-2: Ball
3-2: Ground out 4-3 (Groundball, 4)
Top of the 1st over - 0 run(s), 0 hit(s), 0 error(s), 1 left on base; Iowa State 0 - Oregon 0
BOTTOM OF THE 1ST
Oregon Ducks batting - Pitching for Iowa State Cyclones : RHP José Salinas
Pitching: RHP José Salinas
Batting: SHB Will Evans 0-0: Fly out, F8 (Flyball, 8LS)
Batting: LHB José Hernández 0-0: Ball
1-0: Swinging Strike
1-1: Hit by Pitch
Batting: LHB Jason Roberts 0-0: Foul Ball, location: 2F
0-1: SINGLE (Groundball, 3D)
José Hernández to second
Runner from 2nd tries for 3rd, SAFE, no throw or cutoff
Batting: LHB Jorge Rivera 0-0: Called Strike
Jason Roberts steals 2nd base
0-1: Ball
1-1: Ball
2-1: Ground out 5-3 (Groundball, 5S)
Batting: RHB Ricardo Salazar 0-0: Called Strike
0-1: Ball
1-1: Called Strike
1-2: Foul Ball, location: 2F
1-2: Ground out 4-3 (Groundball, 4)
Bottom of the 1st over - 0 run(s), 1 hit(s), 0 error(s), 2 left on base; Iowa State 0 - Oregon 0
TOP OF THE 2ND
Iowa State Cyclones batting - Pitching for Oregon Ducks : RHP Bob Lanning
Batting: LHB Jerry Trent 0-0: SINGLE (Flyball, 8RS)
Batting: LHB Sean White 0-0: SINGLE (Groundball, 6MD)
Jerry Trent to second
Batting: RHB Tom Cline 0-0: Called Strike
0-1: Ball
1-1: Ball
2-1: Fly out, F4 (Popup, 4M)
Batting: RHB Michael Godfrey 0-0: Called Strike
0-1: Ball
1-1: Ball
2-1: Called Strike
Jerry Trent steals 3rd base
Sean White to second
2-2: Ball
3-2: Fly out, F5 (Popup, 5SF)
Batting: SHB Rickey Gray 0-0: Ball
1-0: SINGLE (Groundball, 34S)
Jerry Trent scores
Sean White to third
Runner from 3rd tries for Home, throw and OUT!
Top of the 2nd over - 1 run(s), 3 hit(s), 0 error(s), 1 left on base; Iowa State 1 - Oregon 0
BOTTOM OF THE 2ND
Oregon Ducks batting - Pitching for Iowa State Cyclones : RHP José Salinas
Batting: LHB José Román 0-0: Ball
1-0: Ball
2-0: Foul Ball, location: 2F
2-1: Fly out, F7 (Flyball, 7LM)
Batting: RHB Wade Floyd 0-0: Ball
1-0: Ball
2-0: Ball
3-0: Called Strike
3-1: Base on Balls
Batting: RHB Brian Lee 0-0: Ball
1-0: Called Strike
1-1: Called Strike
1-2: Ball
2-2: Ball
3-2: Strikes out swinging
Batting: RHB Bob Levinson 0-0: Swinging Strike
0-1: Ball
1-1: Ball
2-1: Called Strike
2-2: Ball
3-2: Ground out 5-3 (Groundball, 56)
Bottom of the 2nd over - 0 run(s), 0 hit(s), 0 error(s), 1 left on base; Iowa State 1 - Oregon 0
TOP OF THE 3RD
Iowa State Cyclones batting - Pitching for Oregon Ducks : RHP Bob Lanning
Batting: RHB Dan Morrison 0-0: Called Strike
0-1: Foul Ball, location: 2F
0-2: SINGLE (Groundball, 56)
Batting: SHB Sean Taylor 0-0: Fly out, F9 (Flyball, 89S)
Batting: LHB Ramiro Muńóz Balk!
Dan Morrison to second
0-0: Swinging Strike
0-1: Foul Ball, location: 2F
0-2: Strikes out swinging
Batting: SHB Jon Emery 0-0: Called Strike
0-1: Ball
1-1: Foul Ball, location: 2F
1-2: Foul Ball, location: 2F
1-2: Ball
2-2: Strikes out swinging
Top of the 3rd over - 0 run(s), 1 hit(s), 0 error(s), 1 left on base; Iowa State 1 - Oregon 0
BOTTOM OF THE 3RD
Oregon Ducks batting - Pitching for Iowa State Cyclones : RHP José Salinas
Batting: SHB Will Evans 0-0: Ball
1-0: Called Strike
1-1: Swinging Strike
1-2: Ball
2-2: SINGLE (Groundball, 34D)
Batting: LHB José Hernández 0-0: Ball
1-0: Fly out, F7 (Popup, 7LS)
Batting: LHB Jason Roberts 0-0: Called Strike
Will Evans is caught stealing 2nd base
0-1: Foul Ball, location: 2F
0-2: Strikes out looking
Bottom of the 3rd over - 0 run(s), 1 hit(s), 0 error(s), 0 left on base; Iowa State 1 - Oregon 0
TOP OF THE 4TH
Iowa State Cyclones batting - Pitching for Oregon Ducks : RHP Bob Lanning
Batting: LHB Jerry Trent 0-0: SINGLE (Line Drive, 3D)
Batting: LHB Sean White 0-0: Called Strike
Jerry Trent steals 2nd base
0-1: Foul Ball, location: 2F
0-2: Foul Ball, location: 2F
0-2: Ball
1-2: Foul Ball, location: 2F
1-2: Ball
2-2: Foul Ball, location: 2F
2-2: SINGLE (Flyball, 8LS)
Jerry Trent to third
Batting: RHB Tom Cline 0-0: Ball
1-0: Ball
2-0: SINGLE (Line Drive, 78S)
Jerry Trent scores
Sean White to second
Batting: RHB Michael Godfrey 0-0: Called Strike
0-1: Ball
1-1: SINGLE (Line Drive, 78M)
Sean White to third
Tom Cline to second
Batting: SHB Rickey Gray 0-0: Foul Ball, location: 2F
0-1: Fly out, F3 (Popup, 23F)
Batting: RHB Dan Morrison 0-0: Swinging Strike
0-1: SINGLE (Groundball, 6MD)
Sean White scores
Tom Cline to third
Michael Godfrey to second
Runner from 3rd tries for Home, SAFE, throw made home
Michael Godfrey to third
Dan Morrison to second
Batting: SHB Sean Taylor 0-0: Ball
1-0: Ground out 1-3 (Groundball, 13)
Batting: LHB Ramiro Muńóz 0-0: Called Strike
0-1: Foul Ball, location: 2F
0-2: Ball
1-2: Ball
2-2: Ball
3-2: Strikes out swinging
Top of the 4th over - 3 run(s), 5 hit(s), 0 error(s), 2 left on base; Iowa State 4 - Oregon 0
BOTTOM OF THE 4TH
Oregon Ducks batting - Pitching for Iowa State Cyclones : RHP José Salinas
Batting: LHB Jorge Rivera 0-0: Ball
1-0: Ball
2-0: Called Strike
2-1: Swinging Strike
2-2: SINGLE (Line Drive, 7S)
Batting: RHB Ricardo Salazar 0-0: Ball
1-0: Called Strike
1-1: Foul Ball, location: 2F
1-2: Strikes out swinging
Batting: LHB José Román 0-0: Ball
1-0: Ball
2-0: Called Strike
2-1: Ball
3-1: Base on Balls
Jorge Rivera to second
Batting: RHB Wade Floyd 0-0: Swinging Strike
0-1: Ball
1-1: Ball
2-1: Ball
3-1: Swinging Strike
3-2: Fly out, F7 (Flyball, 78M)
Batting: RHB Brian Lee 0-0: Ball
1-0: Called Strike
1-1: Ground out 4-3 (Groundball, 4)
Bottom of the 4th over - 0 run(s), 1 hit(s), 0 error(s), 2 left on base; Iowa State 4 - Oregon 0
TOP OF THE 5TH
Iowa State Cyclones batting - Pitching for Oregon Ducks : RHP Bob Lanning
Batting: SHB Jon Emery 0-0: Called Strike
0-1: Swinging Strike
0-2: Strikes out looking
Batting: LHB Jerry Trent 0-0: Called Strike
0-1: SINGLE (Line Drive, 8LS)
Batting: LHB Sean White 0-0: SINGLE (Groundball, 34)
Jerry Trent to second
Runner from 2nd tries for 3rd, SAFE, no throw or cutoff
Batting: RHB Tom Cline 0-0: Ball
1-0: Called Strike
1-1: Ball
2-1: Foul Ball, location: 2F
2-2: Fly out, F7 (Line Drive, 7M)
Runner from 3rd tags up, SCORES, no throw
Pitching: LHP Paul Davis
Batting: RHB Michael Godfrey 0-0: Fly out, F9 (Flyball, 9S)
Top of the 5th over - 1 run(s), 2 hit(s), 0 error(s), 1 left on base; Iowa State 5 - Oregon 0
BOTTOM OF THE 5TH
Oregon Ducks batting - Pitching for Iowa State Cyclones : RHP José Salinas
Batting: RHB Bob Levinson 0-0: Ball
1-0: Swinging Strike
1-1: Called Strike
1-2: Foul Ball, location: 2F
1-2: Ball
2-2: Strikes out swinging
Batting: SHB Will Evans 0-0: Called Strike
0-1: Swinging Strike
0-2: Ball
1-2: Ball
2-2: Strikes out swinging
Batting: LHB José Hernández 0-0: Ball
1-0: Ball
2-0: Ground out 6-3 (Groundball, 6M)
Bottom of the 5th over - 0 run(s), 0 hit(s), 0 error(s), 0 left on base; Iowa State 5 - Oregon 0
TOP OF THE 6TH
Iowa State Cyclones batting - Pitching for Oregon Ducks : LHP Paul Davis
Batting: SHB Rickey Gray 0-0: Foul Ball, location: 2F
0-1: Called Strike
0-2: Foul Ball, location: 2F
0-2: Ball
1-2: Ball
2-2: Ball
3-2: Strikes out swinging
Batting: RHB Dan Morrison 0-0: Ball
1-0: SINGLE (Flyball, 7LS)
Batting: SHB Sean Taylor 0-0: Called Strike
Dan Morrison is caught stealing 2nd base
0-1: Swinging Strike
0-2: Foul Ball, location: 2F
0-2: Strikes out looking
Top of the 6th over - 0 run(s), 1 hit(s), 0 error(s), 0 left on base; Iowa State 5 - Oregon 0
BOTTOM OF THE 6TH
Oregon Ducks batting - Pitching for Iowa State Cyclones : RHP José Salinas
Pitching: RHP Orlando Cruz
Batting: LHB Jason Roberts 0-0: Swinging Strike
0-1: Foul Ball, location: 2F
0-2: Strikes out swinging
Batting: LHB Jorge Rivera 0-0: SINGLE (Line Drive, 8LS)
Batting: RHB Ricardo Salazar 0-0: Ball
1-0: Foul Ball, location: 2F
1-1: Called Strike
1-2: Foul Ball, location: 2F
1-2: Fly out, F5 (Popup, 2L)
Batting: LHB José Román 0-0: Swinging Strike
0-1: Called Strike
0-2: Foul Ball, location: 2F
0-2: Ball
1-2: Ball
2-2: SINGLE (Groundball, 56)
Jorge Rivera to second
Batting: RHB Wade Floyd 0-0: Foul Ball, location: 2F
0-1: Foul Ball, location: 2F
0-2: Ball
1-2: Ball
2-2: SINGLE (Line Drive, 6MD)
Jorge Rivera to third
José Román to second
Runner from 3rd tries for Home, SAFE, no throw or cutoff
Batting: RHB Brian Lee 0-0: Ground out 1-3 (Groundball, 15)
Bottom of the 6th over - 1 run(s), 3 hit(s), 0 error(s), 2 left on base; Iowa State 5 - Oregon 1
TOP OF THE 7TH
Iowa State Cyclones batting - Pitching for Oregon Ducks : LHP Paul Davis
Batting: LHB Ramiro Muńóz 0-0: Ball
1-0: Swinging Strike
1-1: Foul Ball, location: 2F
1-2: Ball
2-2: Ball
3-2: SINGLE (Line Drive, 8RS)
Batting: SHB Jon Emery 0-0: Swinging Strike
0-1: Ball
1-1: Foul Ball, location: 2F
1-2: Strikes out swinging
Batting: LHB Jerry Trent 0-0: Ball
1-0: Called Strike
1-1: Swinging Strike
1-2: Ball
2-2: Strikes out looking
Batting: LHB Sean White 0-0: Ball
1-0: Called Strike
1-1: Foul Ball, location: 2F
1-2: Foul Ball, location: 2F
1-2: Ball
2-2: Foul Ball, location: 2F
2-2: Strikes out looking
Top of the 7th over - 0 run(s), 1 hit(s), 0 error(s), 1 left on base; Iowa State 5 - Oregon 1
BOTTOM OF THE 7TH
Oregon Ducks batting - Pitching for Iowa State Cyclones : RHP Orlando Cruz
Batting: RHB Bob Levinson 0-0: Ball
1-0: Swinging Strike
1-1: Foul Ball, location: 2F
1-2: TRIPLE (Line Drive, 9LS)
Batting: SHB Will Evans 0-0: SINGLE (Groundball, 56D)
Bob Levinson scores
Batting: LHB José Hernández 0-0: Ball
1-0: Ball
2-0: Foul Ball, location: 2F
2-1: Ball
3-1: Fly out, F9 (Flyball, 89XD)
Batting: LHB Jason Roberts 0-0: Called Strike
0-1: SINGLE (Line Drive, 8RS)
Will Evans to second
Batting: LHB Jorge Rivera 0-0: Called Strike
0-1: Foul Ball, location: 2F
0-2: Ball
1-2: Strikes out swinging
Batting: RHB Ricardo Salazar 0-0: Ball
1-0: SINGLE (Line Drive, 56D)
Will Evans to third
Jason Roberts to second
Runner from 3rd tries for Home, throw and OUT!
Bottom of the 7th over - 1 run(s), 4 hit(s), 0 error(s), 2 left on base; Iowa State 5 - Oregon 2
TOP OF THE 8TH
Iowa State Cyclones batting - Pitching for Oregon Ducks : LHP Paul Davis
Pitching: RHP Ian Slay
Batting: RHB Tom Cline 0-0: Foul Ball, location: 2F
0-1: Ball
1-1: Ball
2-1: Called Strike
2-2: Foul Ball, location: 2F
2-2: Ball
3-2: Base on Balls
Batting: RHB Michael Godfrey 0-0: Ball
1-0: Bunted foul
1-1: Ball
2-1: Sac Bunt - play at first, batter OUT! 2-4
Tom Cline to second
Batting: SHB Rickey Gray 0-0: Called Strike
Tom Cline is caught stealing 3rd base
0-1: SINGLE (Groundball, 3L)
Batting: RHB Dan Morrison 0-0: Called Strike
0-1: Ball
1-1: Ball
2-1: Ball
3-1: Base on Balls
Rickey Gray to second
Batting: SHB Sean Taylor 0-0: Foul Ball, location: 2F
0-1: Ball
1-1: Ball
2-1: Swinging Strike
2-2: Ball
3-2: SINGLE (Line Drive, 7LS)
Rickey Gray to third
Dan Morrison to second
Rickey Gray scores
Dan Morrison to third
Batting: LHB Ramiro Muńóz 0-0: Called Strike
0-1: Called Strike
0-2: Strikes out swinging
Top of the 8th over - 1 run(s), 2 hit(s), 0 error(s), 2 left on base; Iowa State 6 - Oregon 2
BOTTOM OF THE 8TH
Oregon Ducks batting - Pitching for Iowa State Cyclones : RHP Orlando Cruz
Pitching: RHP Harvey McFarland
Batting: LHB José Román 0-0: Ball
1-0: Called Strike
1-1: Fly out, F8 (Flyball, 8LM)
Batting: RHB Wade Floyd 0-0: SINGLE (Line Drive, 6M)
Batting: RHB Brian Lee 0-0: Called Strike
0-1: Ball
1-1: Swinging Strike
1-2: Ball
2-2: Strikes out swinging
Batting: RHB Bob Levinson 0-0: Fly out, F8 (Flyball, 8LM)
Bottom of the 8th over - 0 run(s), 1 hit(s), 0 error(s), 1 left on base; Iowa State 6 - Oregon 2
TOP OF THE 9TH
Iowa State Cyclones batting - Pitching for Oregon Ducks : RHP Ian Slay
Batting: SHB Jon Emery 0-0: Swinging Strike
0-1: Ball
1-1: Foul Ball, location: 2F
1-2: Ball
2-2: Strikes out looking
Batting: LHB Jerry Trent 0-0: SOLO HOME RUN (Flyball, 8RXD), Distance : 395 ft
Batting: LHB Sean White 0-0: Ground out U3 (Groundball, 3)
Batting: RHB Tom Cline 0-0: Ball
1-0: Ball
2-0: Fly out, F3 (Popup, 3S)
Top of the 9th over - 1 run(s), 1 hit(s), 0 error(s), 0 left on base; Iowa State 7 - Oregon 2
BOTTOM OF THE 9TH
Oregon Ducks batting - Pitching for Iowa State Cyclones : RHP Harvey McFarland
Now at C: Luke Cater
Batting: SHB Will Evans 0-0: Swinging Strike
0-1: Foul Ball, location: 2F
0-2: Foul Ball, location: 2F
0-2: Foul Ball, location: 2F
0-2: Foul Ball, location: 2F
0-2: Ball
1-2: Strikes out swinging
Batting: LHB José Hernández 0-0: Ball
1-0: Ball
2-0: Ball
3-0: Called Strike
3-1: SINGLE (Groundball, 4MD)
Batting: LHB Jason Roberts 0-0: Ball
1-0: Fielders Choice at 2nd, 3-6 (Groundball, 34)
Batting: LHB Jorge Rivera 0-0: Fly out, F7 (Flyball, 78M)
Bottom of the 9th over - 0 run(s), 1 hit(s), 0 error(s), 1 left on base; Iowa State 7 - Oregon 2
This league is powered by Out of the Park Baseball, the baseball management simulation game for PC, Mac and Linux
Wednesday, December 2nd, 2015 - OOTP Baseball 16.8 Build 38